 Dungeon Crawl Stone Soup version 0.21-a0-286-g6fcecc0 (webtiles) character file.

1507 terra52 the Fighter (level 8, -5/60 HPs)
             Began as a Gargoyle Fighter on Sept 25, 2017.
             Was a Believer of the Shining One.
             Slain by a two-headed ogre
             ... wielding a +0 giant club
              (8 damage)
             ... on level 5 of the Dungeon.
             The game lasted 00:11:04 (3810 turns).

terra52 the Fighter (Gargoyle Fighter)              Turns: 3810, Time: 00:11:04

Health: -5/60      AC: 10    Str: 21    XL:     8   Next: 82%
Magic:  7/8        EV: 10    Int: 10    God:    the Shining One [**....]
Gold:   173        SH: 10    Dex:  9    Spells: 7/7 levels left

rFire    . . .     SeeInvis .   s - +1 whip (venom)
rCold    . . .     Gourm    .   D - +0 buckler
rNeg     + + .     Faith    .   i - +0 ring mail
rPois    ∞         Spirit   .   (no helmet)
rElec    +         Reflect  .   (no cloak)
rCorr    .         Harm     .   (no gloves)
MR       .....                  (no boots)
Stlth    ..........             (no amulet)
HPRegen  0.20/turn              (no ring)
MPRegen  0.11/turn              (no ring)

@: divine shield, glowing
A: negative energy resistance 1, electricity resistance, unbreathing,
petrification resistance, rot immunity, AC +5
a: Divine Shield, Renounce Religion


You were on level 5 of the Dungeon.
You worshipped the Shining One.
The Shining One was pleased with you.
You were not hungry.

You visited 1 branch of the dungeon, and saw 5 of its levels.
You also visited: Sewer.

You collected 173 gold pieces.

Inventory:

Hand Weapons
 a - a +0 flail
 h - a +1 dagger of flaming
 s - a +1 whip of venom (weapon)
 u - a +1 falchion of protection
 y - a +2 spear of freezing
 A - a +3 dire flail
Armour
 b - a +0 scale mail
 c - a +0 shield
 i - a +0 ring mail (worn)
 D - a +0 buckler (worn)
Jewellery
 t - an uncursed ring of protection from cold {unknown}
 z - an uncursed ring of positive energy {unknown}
Scrolls
 j - 7 scrolls of identify {unknown}
 l - 2 scrolls of remove curse {unknown}
 q - 2 scrolls of amnesia {unknown}
 r - a scroll of immolation {unknown}
 v - 2 scrolls of enchant weapon {unknown}
 x - 2 scrolls of teleportation {unknown}
 C - a scroll of magic mapping {unknown}
Potions
 d - 2 potions of might
 e - 3 potions of flight {unknown}
 n - 7 potions of curing {unknown}
 o - 3 potions of brilliance {unknown}
 p - a potion of haste {unknown}
 w - 2 potions of heal wounds
 B - a potion of lignification {unknown}
Comestibles
 f - 4 bread rations
 g - 4 royal jellies
 k - a fruit
 m - 2 meat rations
 E - a chunk of flesh


   Skills:
 + Level 11.9 Fighting
 - Level 2.0 Maces & Flails
 - Level 3.2 Armour
 - Level 3.2 Shields


You had 7 spell levels left.
You didn't know any spells.

Dungeon Overview and Level Annotations

Branches:
Dungeon (5/15)
 Temple: D:4-7

Altars:
Yredelemnul
The Shining One


Innate Abilities, Weirdness & Mutations

You are resistant to torment.
Your stone body is resilient. (AC +5)
You are immune to poison.
You resist negative energy. (rN+)
You are resistant to electric shocks. (rElec)
You can survive without breathing.
You are immune to petrification.
You are immune to rotting.


Message History

* * * LOW HITPOINT WARNING * * *
The crimson imp hits you but does no damage.
The crimson imp hits you but does no damage.
You hit the two-headed ogre.
The two-headed ogre looks as sick as possible!
The two-headed ogre is moderately wounded.
The crimson imp hits you but does no damage.
The two-headed ogre barely misses you. x2
You hit the two-headed ogre but do no damage.
The two-headed ogre is moderately wounded.
The crimson imp blinks!
The two-headed ogre hits you with a giant club!
* * * LOW HITPOINT WARNING * * *
The two-headed ogre misses you.
There is an open door here.
The crimson imp misses you.
The crimson imp blinks!
You open the door. You block the two-headed ogre's attack.
The two-headed ogre hits you with a giant spiked club!
You die...

##.......#+#####..#.......
.'.............##'#.......
.#..................#
.########...........#
........#...........#
.)......#...........#
.##..##.#...........#
.##..##.#####'##O...#
...............#@...#
...............'....#
################....#
######


You could see a two-headed ogre.

Vanquished Creatures
  An eye of draining (D:5)
  An ogre (D:4)
  3 centaurs (D:5)
  The ghost of MrDNA the Sneak, an amateur DEBe of Trog (D:3)
  A big kobold (Sewer)
  3 scorpions (D:5)
  4 wights
  A crimson imp (D:4)
  4 hounds
  2 orc priests (D:5)
  A bullfrog skeleton (D:4)
  An iguana (D:4)
  2 orc wizards (D:4)
  3 worker ants
  A hound skeleton (D:4)
  A worker ant zombie (D:5)
  A gnoll (D:4)
  8 adders
  3 oozes
  An adder skeleton (D:3)
  2 worms (D:3)
  2 dart slugs (D:1)
  6 leopard geckos
  12 orcs
  4 ball pythons
  10 bats
  5 giant cockroaches
  5 goblins
  7 hobgoblins
  10 jackals
  4 quokkas
  6 frilled lizards
  17 kobolds
  A leopard gecko skeleton (D:4)
  6 rats
140 creatures vanquished.

Notes
Turn   | Place    | Note
-------+----------+-------------------------------------------
     0 | D:1      | terra52 the Gargoyle Fighter began the quest for the Orb.
     0 | D:1      | Reached XP level 1. HP: 14/14 MP: 1/1
   115 | D:1      | Reached XP level 2. HP: 14/20 MP: 2/2
   169 | D:1      | Reached skill level 4 in Fighting
   287 | D:1      | Reached XP level 3. HP: 21/24 MP: 3/3
   853 | D:2      | Reached skill level 5 in Fighting
   930 | D:2      | Reached XP level 4. HP: 25/31 MP: 4/4
  1228 | D:2      | Found a glowing golden altar of the Shining One.
  1231 | D:2      | Found a basalt altar of Yredelemnul.
  1233 | D:2      | Noticed a profane servitor
  1247 | D:2      | Noticed an angel
  1252 | D:2      | Became a worshipper of the Shining One
  1541 | D:3      | Reached skill level 6 in Fighting
  1585 | D:3      | Noticed MrDNA's ghost (amateur DEBe)
  1619 | D:3      | Killed MrDNA's ghost
  1619 | D:3      | Reached XP level 5. HP: 4/37 MP: 5/5
  1780 | D:3      | Found a glowing drain.
  1796 | Sewer    | Entered a sewer
  1929 | Sewer    | Reached skill level 7 in Fighting
  2002 | Sewer    | Reached * piety under the Shining One
  2057 | Sewer    | Noticed a big kobold
  2067 | Sewer    | Killed a big kobold
  2067 | Sewer    | Reached XP level 6. HP: 35/44 MP: 6/6
  2380 | D:3      | Reached skill level 8 in Fighting
  2544 | D:4      | Reached XP level 7. HP: 31/50 MP: 7/7
  2622 | D:4      | Reached skill level 9 in Fighting
  3114 | D:4      | Reached skill level 10 in Fighting
  3178 | D:4      | Reached XP level 8. HP: 57/57 MP: 8/8
  3272 | D:5      | Entered Level 5 of the Dungeon
  3411 | D:5      | Reached ** piety under the Shining One
  3482 | D:5      | Reached skill level 11 in Fighting
  3789 | D:5      | Noticed a two-headed ogre
  3801 | D:5      | HP: 1/60 [two-headed ogre/giant club (9)]
  3810 | D:5      | Slain by a two-headed ogre

Vault maps used:
D:1:      tarquinn_simple_flora_water_b
D:2:      grunt_temple_overflow_holy_war
D:3:      cheibrodos_sewer_entry_bend
D:4:      lemuel_castle_with_subvaults
D:5:      first_bread, goddamned_bats
Sewer:    kennysheep_pipe_town

Skill      XL: |  1  2  3  4  5  6  7  8 |
---------------+-------------------------+-----
Fighting       | 4 5 6 7 8 10 11 | 11.9
Maces & Flails | |  2.0
Armour         | |  3.2
Shields        | |  3.2

Action                   |  1- 3 |  4- 6 |  7- 9 || total
-------------------------+-------+-------+-------++-------
Melee: Dagger            |    99 |   211 |       ||   310
       Flail             |     2 |       |       ||     2
       Whip              |       |    48 |   163 ||   211
       Falchion          |       |    16 |    58 ||    74
Invok: Divine Shield     |       |       |     1 ||     1
  Eat: Chunk             |       |     5 |     6 ||    11
Armor: Ring mail         |    37 |   128 |    82 ||   247
       Scale mail        |     4 |       |       ||     4
Dodge: Dodged            |    29 |   102 |    61 ||   192
Block: Shield            |    38 |   122 |    87 ||   247
       Buckler           |       |       |     4 ||     4
       Rpst.: Falchion   |       |     4 |     8 ||    12

Table legend:
 A = Spawn XP
 B = Non-spawn XP
 C = Spawn XP percentage of total XP
 D = Spawn monster count
 E = Non-spawn monster count
 F = Spawn count percentage of total count
 G = Total turns spent on level
                    A         B        C        D         E        F      G
               +---------+---------+-------+---------+---------+-------+---------
         Total |       0 |    2153 |   0.0 |       0 |     140 |   0.0 |  3810
               +---------+---------+-------+---------+---------+-------+---------
           D:1 |       0 |      42 |   0.0 |       0 |      20 |   0.0 |   690
           D:2 |       0 |      78 |   0.0 |       0 |      19 |   0.0 |   603
           D:3 |       0 |     220 |   0.0 |       0 |      22 |   0.0 |  1054
           D:4 |       0 |     744 |   0.0 |       0 |      32 |   0.0 |   739
           D:5 |       0 |     927 |   0.0 |       0 |      23 |   0.0 |   439
         Sewer |       0 |     142 |   0.0 |       0 |      24 |   0.0 |   285
               +---------+---------+-------+---------+---------+-------+---------
